 Dungeon Crawl Stone Soup version 0.20-a0-1000-g0e8f6bb (webtiles) character file.

7 JeffiDaFish the Firebug (level 1, 0/11 HPs)
             Began as a Draconian Fire Elementalist on Apr 12, 2017.
             Slain by a jackal (2 damage)
             ... on level 1 of the Dungeon.
             The game lasted 00:00:48 (151 turns).

JeffiDaFish the Firebug (DrFE)                       Turns: 151, Time: 00:00:48

Health: 0/11       AC:  4    Str: 10    XL:     1   Next: 91%
Magic:  3/3        EV: 15    Int: 15    God:
Gold:   6          SH:  0    Dex: 11    Spells: 3/4 levels left

rFire    . . .     SeeInvis .   (no weapon)
rCold    . . .     Gourm    .   (no shield)
rNeg     . . .     Faith    .   (armour unavailable)
rPois    .         Spirit   .   (helmet restricted)
rElec    .         Reflect  .   (no cloak)
rCorr    .         Harm     .   (no gloves)
MR       .....                  (no boots)
Stlth    ++........             (no amulet)
Regen    0.1/turn               c - +3 ring of evasion
MPRegen  0.1/turn               (no ring)

@: no status effects
A: unfitting armour, talons 1, frail 2, cold-blooded, AC +4
a: no special abilities


You were on level 1 of the Dungeon.
You were not hungry.

You visited 1 branch of the dungeon, and saw 1 of its levels.

You collected 6 gold pieces.

Inventory:

Jewellery
 c - a +3 ring of evasion (left hand)
Books
 a - a book of Flames

   Spells                             Type                      Level
   a - Flame Tongue                   Conjuration/Fire             1
   b - Throw Flame                    Conjuration/Fire             2
   c - Conjure Flame                  Conjuration/Fire             3
   d - Inner Flame                    Hexes/Fire                   3
   e - Sticky Flame                   Conjuration/Fire             4
   f - Fireball                       Conjuration/Fire             5
Comestibles
 b - a bread ration
 d - 2 chunks of flesh
 f - a meat ration


   Skills:
 + Level 1.8 Dodging
 + Level 1.7 Stealth
 + Level 2.2 Spellcasting
 + Level 1.0 Conjurations
 + Level 3.2 Fire Magic


You had 3 spell levels left.
You knew the following spells:

 Your Spells              Type           Power        Failure   Level  Hunger
a - Flame Tongue          Conj/Fire      #....        12%         1    #......


Dungeon Overview and Level Annotations

Branches:
Dungeon (1/15)

Altars:
Nemelex Xobeh


Innate Abilities, Weirdness & Mutations

Your plain brown scales are hard. (AC +4)
You cannot fit into any form of body armour.
You are cold-blooded and may be slowed by cold attacks.
You have sharp toenails.
You are very frail. (-20% HP)


Message History

The jackal barely misses you. The jackal closely misses you.
The jackal closely misses you.
The jackal bites you but does no damage.
The jackal barely misses you. The jackal closely misses you.
The jackal bites you. x2
The jackal completely misses you. The jackal closely misses you. x2
The jackal bites you. The jackal misses you. x2
The jackal bites you but does no damage.
The jackal barely misses you. x2; The jackal misses you.
The jackal closely misses you. The jackal bites you.
The jackal completely misses you. The jackal closely misses you.
The jackal bites you.
* * * LOW HITPOINT WARNING * * *
The jackal misses you. The jackal completely misses you.
The jackal closely misses you.
The jackal bites you but does no damage.
The jackal closely misses you. The jackal misses you.
The jackal closely misses you. x2; The jackal barely misses you.
The jackal bites you.
You die...

#..>.# #.# #..##...#
#....# #.# #..##...#
.....###.###..##...#
..............##...#
.....####.##.......#
.....###⌠.⌠........#
.....##.._...###..##
..#..##.⌠.⌠#.###..###
..#..##.#.##.##.@...#
..#..##...##.##hhh..#
###.##.##.....#
.....##.....#
..............
##.#####.....###
#.....# +.....#


You could see 3 jackals.

Vanquished Creatures
  A goblin (D:1)
  3 jackals (D:1)
  A kobold (D:1)
  A bat (D:1)
6 creatures vanquished.

Notes
Turn   | Place    | Note
-------+----------+-------------------------------------------
     0 | D:1      | JeffiDaFish the Draconian Fire Elementalist began the quest for the Orb.
     0 | D:1      | Reached XP level 1. HP: 14/14 MP: 3/3
   114 | D:1      | Gained mutation: You are frail. (-10% HP) [potion of mutation]
   114 | D:1      | Gained mutation: You are very frail. (-20% HP) [potion of mutation]
   114 | D:1      | Gained mutation: You have sharp toenails. [potion of mutation]
   123 | D:1      | Found a sparkling altar of Nemelex Xobeh.
   151 | D:1      | Slain by a jackal

Vault maps used:
D:1:      lemuel_arrival_broad_hall, nemelex_xobeh_ov_fountains_minmay

Action                   || total
-------------------------++-------
Melee: Unarmed           ||    18
       Tailslap          ||     4
 Cast: Flame Tongue      ||     4
  Use: Potion            ||     1
Armor: Skin              ||     9
Dodge: Dodged            ||    51
